AoeStats
← 8

Arena

509803602Analyzed
3v3 RM · 5d ago on Sep 28, 2026· 31m 42s· 6 players
Game mode
Random Map
Map size
Normal (6 player)
Population
200
Speed
Normal
Resources
Standard
Victory
Conquest
Starting age
Dark Age
Ending age
Imperial Age
RankedLock teamsTeams togetherTeam positionsShared explorationLock speedFull tech treeHidden civsTurbo modeCheats
Victory
Defeat
🇺🇸 Khmer · United States
1217
+13
🇺🇸 Dravidians · United States
1159
+15
🇮🇳 Italians · India
1154
+14
🇵🇪 Italians · Peru
1144
-14
🇵🇪 Persians · Peru
1135
-14
🇺🇸 Armenians · United States
1134
-14
Peru_Rush
10:33 Feudal Age
14:08 Castle Age
12:05 Double-Bit Axe
12:21 Stone Mining
13:32 Loom
15:15 Wheelbarrow
31:46 Fletching
Jersey_TitanX
10:23 Feudal Age
10:15 Loom
10:28 Man-at-Arms
11:44 Long Swordsman
12:22 Arson
15:40 Wheelbarrow
22:54 Castle Age
20:57 Pikeman
Peru_o_O
10:03 Feudal Age
11:04 Loom
14:11 Castle Age
12:30 Double-Bit Axe
12:57 Horse Collar
22:20 Wheelbarrow
22:24 Scale Barding Armor
23:24 Bloodlines
23:37 Chain Barding Armor
24:52 Forging
25:22 Hand Cart
25:52 Husbandry
25:13 Light Cavalry
27:12 Bow Saw
29:50 Iron Casting
Ra
10:31 Feudal Age
10:50 Loom
13:21 Castle Age
12:10 Double-Bit Axe
12:20 Horse Collar
21:00 Scale Barding Armor
21:07 Bloodlines
22:37 Wheelbarrow
26:31 Chain Barding Armor
26:48 Husbandry
28:49 Town Watch
dipsh*t
9:50 Feudal Age
13:45 Castle Age
13:28 Double-Bit Axe
13:37 Horse Collar
13:45 Loom
16:09 Fletching
8
10:16 Feudal Age
14:21 Castle Age
16:17 Fletching
19:26 Crossbowman
20:57 Bodkin Arrow
31:41 Padded Archer Armor
Connection lost

Rejoining the realm…

Still unreachable

The connection could not be restored.

Session expired

The server has moved on; the page needs a fresh start.